 Dungeon Crawl Stone Soup version 0.30.1-9-gdf580d7c3d (webtiles) character file.

Game seed: 1037007266917107425

7665 Peloso the Carver (level 10, -15/88 HPs)
             Began as a Minotaur Fighter on Sept 29, 2023.
             Was a Follower of Okawaru.
             Demolished by a large slime creature (33 damage)
             ... in a Gauntlet.
             The game lasted 00:19:28 (11412 turns).

Peloso the Carver (Minotaur Fighter)               Turns: 11412, Time: 00:19:28

Health: -15/88     AC: 17    Str: 21    XL:     10   Next: 99%
Magic:  9/9        EV:  8    Int:  5    God:    Okawaru [*.....]
Gold:   616        SH:  9    Dex: 20    Spells: 9/9 levels left

rFire   . . .        a - +4 long sword (heavy)
rCold   . . .        d - +2 buckler {rN+}
rNeg    + + .        i - +1 plate armour
rPois   .            (helmet restricted)
rElec   .            c - +0 cloak
rCorr   +            (no gloves)
SInv    .            (no boots)
Will    .....        L - amulet of regeneration Stlth
                     y - ring "Somuokk" {rN+ Dex+6}
HPRegen 1.14/turn    t - ring of resist corrosion
MPRegen 0.11/turn

%: no teleportation
@: no status effects
A: horns 2, retaliatory headbutt
a: Renounce Religion, Heroism


You were in a Gauntlet.
You worshipped Okawaru.
Okawaru was aware of your devotion.
You visited 2 branches of the dungeon, and saw 12 of its levels.
You also visited: Gauntlet.

You collected 616 gold pieces.

Inventory:

Hand Weapons
 a - a +4 heavy long sword (weapon)
 b - a +2 whip of flaming
Missiles
 E - a throwing net (quivered)
Armour
 c - a +0 cloak (worn)
 d - a +2 buckler of positive energy (worn)
 i - a +1 plate armour (worn)
 m - a +1 chain mail of positive energy
Jewellery
 f - a +5 ring of evasion
 q - a ring of protection from cold
 t - a ring of resist corrosion (right hand)
 y - the ring "Somuokk" (left hand) {rN+ Dex+6}
   (You found it on level 6 of the Dungeon)

   [ring of dexterity]

   Dex:       It affects your dexterity (+6).
   rN:        It protects you from negative energy.
 A - a ring of wizardry
 D - a +6 ring of dexterity
 H - a ring of protection from cold
 L - an amulet of regeneration (around neck)
Wands
 p - a wand of digging (9)
 v - a wand of roots (13)
 G - a wand of mindburst (14)
 M - a wand of polymorph (8)
 N - a wand of flame (10)
Scrolls
 g - 7 scrolls of teleportation
 x - a scroll of immolation
 Q - a scroll of blinking
Potions
 e - 2 potions of might
 l - 6 potions of attraction
 o - 2 potions of heal wounds
 u - 2 potions of resistance
 z - a potion of mutation
 C - a potion of brilliance
 F - a potion of invisibility
 J - a potion of haste
 K - a potion of berserk rage
 P - a potion of curing


   Skills:
 + Level 8.1 Fighting
 + Level 12.1 Long Blades
 + Level 3.7 Maces & Flails
 + Level 11.9 Armour
 + Level 3.3 Dodging
 + Level 1.8 Stealth
 + Level 7.3 Shields
 + Level 1.6 Evocations


You had 9 spell levels left.
You didn't know any spells.
Your spell library contained the following spells:

 Spells                   Type           Power      Damage    Failure   Level
 Sandblast                Erth           0%         2d4       100%        1
 Passwall                 Tmut/Erth      0%         N/A       100%        2
 Gell's Gravitas          Tloc           0%         N/A       100%        3
 Stone Arrow              Conj/Erth      0%         3d7       100%        3
 Teleport Other           Tloc           0%         N/A       100%        3
 Leda's Liquefaction      Hex/Erth       0%         N/A       100%        4
 Lee's Rapid Deconstruct  Erth           0%         3d4*      100%        5
 Dispersal                Tloc           0%         N/A       100%        6
 Statue Form              Tmut/Erth      0%         N/A       100%        6
 Borgnjor's Revivificati  Necr           0%         N/A       100%        8
 Necromutation            Tmut/Necr      0%         N/A       100%        8
 Death's Door             Necr           0%         N/A       100%        9


Dungeon Overview and Level Annotations

Branches:
Dungeon (11/15)            Temple (1/1) D:4            Lair (0/5) D:9
    Orc (0/2) D:10        Gauntlet (1/1)

Altars:
Ashenzari
Cheibriados
Dithmenos
Elyvilon
Fedhas
Gozag
Hepliaklqana
Kikubaaqudgha
Makhleb
Nemelex Xobeh
Okawaru
Qazlal
Ru
Sif Muna
Trog
Uskayaw
Vehumet
Wu Jian
Xom
Yredelemnul
Zin
The Shining One

Shops:
D:1 =   D:6 (

Annotations:
Gauntlet 13 transporters, 3 runed translucent doors


Innate Abilities, Weirdness & Mutations

You have a pair of horns on your head.
You reflexively headbutt those who attack you in melee.


Message History

There is a transporter here.
You enter the transporter and appear at another place.
You open the door.
There is an open translucent door here.
The slime creature hits you but does no damage.
Two slime creatures merge to form a large slime creature.
You barely miss the large slime creature.
You headbutt the large slime creature!
The large slime creature is lightly wounded.
You slice the large slime creature!!
You headbutt the large slime creature, but do no damage.
The large slime creature is moderately wounded.
You hit the large slime creature. You headbutt the large slime creature.
The large slime creature is moderately wounded.
The large slime creature hits you!!
You hit the large slime creature. You headbutt the large slime creature!
The large slime creature is moderately wounded.
You block the large slime creature's attack.
You slice the large slime creature!!
Your headbutt misses the large slime creature.
The large slime creature is severely wounded.
The large slime creature hits you.
The large slime creature hits you but does no damage.
You barely miss the large slime creature.
The large slime creature is severely wounded.
You block the large slime creature's attack.
You block the jelly's attack.
You hit the large slime creature.
The large slime creature is severely wounded.
The large slime creature hits you!! You block the jelly's attack.
You barely miss the large slime creature.
You headbutt the large slime creature!
The large slime creature is severely wounded.
The large slime creature hits you! The jelly hits you but does no damage.
You slash the large slime creature! You headbutt the large slime creature!
The large slime creature is almost dead.
The large slime creature hits you!!
* * * LOW HITPOINT WARNING * * *
The jelly hits you but does no damage. The large slime creature hits you!!
You die...

#≈.........................
##...######################
##≈...#....J..#8©8#X..#x#©#8
#≈≈∩..#.#+###.#...#x#X#x[##.
##≈...#.#..≈#)#...#.#.#?..#.
##..©#.#.©≈#©#©.©#x#.©####©
##≈...#.#..≈#.#####.#.....##
#≈≈∩..#.#'###:#...#..####.#.
##≈...#..JJ@J.#.8.#x..xXxx#.
##...#########...#########.
#≈.........................
#≈≈≈#≈≈≈#≈≈≈#≈≈≈#≈≈≈#≈≈≈#≈≈≈
##≈###≈###≈###≈###≈###≈###≈#
## ### ### ### ### ### ###


You could see a large slime creature and 3 jellies.

Vanquished Creatures
  A two-headed ogre (D:8)
  Pikel (D:4)
  A manticore (D:9)
  Maurice (D:9)
  A kobold demonologist (D:10)
  2 trolls (D:8)
  9 yaks
  A wyvern (D:10)
  2 humans (D:10)
  A steam dragon (D:4)
  2 vampire mosquitoes (D:8)
  An acid dragon (D:10)
  A water moccasin (D:5)
  5 orc warriors
  An ice beast (D:5)
  2 black bears
  2 sky beasts
  A centaur (D:8)
  A phantom (D:5)
  2 bullfrogs
  A gnoll sergeant (D:9)
  3 scorpions
  5 wights (D:9)
  3 killer bees (D:9)
  An electric eel (D:8)
  3 howler monkeys
  4 hounds
  6 orc priests
  A gnoll bouda (D:8)
  3 jellies
  2 iguanas (D:5)
  2 sleepcaps
  10 orc wizards
  9 gnolls
  6 adders
  2 shadow imps
  2 white imps
  A worm (D:2)
  5 dart slugs
  31 orcs
  5 endoplasms
  4 giant cockroaches
  6 goblins
  9 hobgoblins
  8 ball pythons
  A bat (D:1)
  5 kobolds
  4 rats
180 creatures vanquished.

Notes
Turn   | Place    | Note
-------+----------+-------------------------------------------
     0 | D:1      | Peloso the Minotaur Fighter began the quest for the Orb.
     0 | D:1      | Reached XP level 1. HP: 19/19 MP: 0/0
   196 | D:1      | Reached XP level 2. HP: 27/27 MP: 1/1
   257 | D:1      | Found Tualem's Jewellery Shoppe.
   366 | D:1      | Found a faded altar of an unknown god.
   889 | D:2      | Reached XP level 3. HP: 17/33 MP: 2/2
  1001 | D:2      | Reached skill level 3 in Long Blades
  1494 | D:2      | Identified the +1 leather armour of the Hurricane {rF+
                  | Stlth+}
  1595 | D:3      | Identified the +3 mace "Iqaseng" {freeze, rCorr MP-9 Str+6
                  | Int+3}
  1615 | D:3      | Reached skill level 4 in Long Blades
  1615 | D:3      | Reached XP level 4. HP: 30/41 MP: 3/3
  2147 | D:4      | Noticed a black bear
  2161 | D:4      | Killed a black bear
  2162 | D:4      | Reached skill level 1 in Maces & Flails
  2162 | D:4      | Reached XP level 5. HP: 41/47 MP: 0/4
  2281 | D:4      | Reached skill level 1 in Dodging
  2397 | D:4      | Found a staircase to the Ecumenical Temple.
  2465 | D:4      | Noticed a steam dragon
  2467 | Temple   | Entered the Ecumenical Temple
  2646 | D:4      | Killed a steam dragon
  2647 | D:4      | Reached skill level 5 in Long Blades
  2647 | D:4      | Reached XP level 6. HP: 48/55 MP: 5/5
  2778 | D:4      | Noticed Pikel
  2803 | D:4      | Killed Pikel
  2804 | D:4      | Reached skill level 5 in Fighting
  2804 | D:4      | Reached skill level 6 in Long Blades
  2804 | D:4      | Reached skill level 5 in Armour
  2804 | D:4      | Reached skill level 5 in Shields
  2804 | D:4      | Reached XP level 7. HP: 13/61 MP: 6/6
  3114 | D:4      | Found a sacrificial altar of Ru.
  3124 | D:4      | Reached skill level 1 in Stealth
  3576 | D:5      | Entered Level 5 of the Dungeon
  3636 | D:5      | Reached XP level 8. HP: 68/68 MP: 7/7
  3684 | D:5      | Reached skill level 7 in Long Blades
  3750 | D:5      | Found a burning altar of Makhleb.
  3889 | D:5      | Found a shadowy altar of Dithmenos.
  4005 | D:5      | Found a shimmering blue altar of Sif Muna.
  4316 | D:5      | Found a glowing silver altar of Zin.
  4316 | D:5      | Found a white marble altar of Elyvilon.
  4316 | D:5      | Found a glowing golden altar of the Shining One.
  4438 | D:4      | Reached skill level 8 in Long Blades
  4757 | D:6      | Found Kocuset's Antique Weapon Shoppe.
  4761 | D:6      | Identified the ring "Somuokk" {rN+ Dex+6}
  5135 | D:6      | Reached skill level 9 in Long Blades
  5135 | D:6      | Reached XP level 9. HP: 26/75 MP: 8/8
  7102 | D:8      | Found an opulent altar of Gozag.
  7171 | D:8      | Reached skill level 10 in Long Blades
  7681 | D:8      | Found a sparkling altar of Nemelex Xobeh.
  7687 | D:8      | Noticed a two-headed ogre
  7697 | D:8      | Killed a two-headed ogre
  7698 | D:8      | Reached skill level 10 in Armour
  7698 | D:8      | Reached XP level 10. HP: 69/86 MP: 9/9
  7830 | D:8      | Found a shimmering altar of Xom.
  8002 | D:8      | Found a bloodstained altar of Trog.
  8947 | D:8      | Reached skill level 1 in Evocations
  8965 | D:8      | Reached skill level 11 in Long Blades
  9572 | D:9      | Found a snail-covered altar of Cheibriados.
  9603 | D:9      | Found a staircase to the Lair.
  9883 | D:9      | Noticed a manticore
  9888 | D:9      | Killed a manticore
 10114 | D:10     | Entered Level 10 of the Dungeon
 10114 | D:10     | Noticed Maurice
 10135 | D:9      | Killed Maurice
 10427 | D:10     | Found an iron altar of Okawaru.
 10434 | D:10     | Became a worshipper of Warmaster Okawaru
 10468 | D:10     | Reached skill level 12 in Long Blades
 10491 | D:10     | Found a staircase to the Orcish Mines.
 10628 | D:10     | Reached * piety under Okawaru
 11091 | D:11     | Found a gate leading to a gauntlet.
 11107 | Gauntlet | Entered a Gauntlet
 11107 | Gauntlet | Found a transporter.
 11107 | Gauntlet | Found a runed translucent door.
 11108 | Gauntlet | Found a runed translucent door.
 11111 | Gauntlet | Found a transporter.
 11115 | Gauntlet | Found a transporter.
 11120 | Gauntlet | Found a transporter.
 11121 | Gauntlet | Noticed a large abomination
 11131 | Gauntlet | Found a transporter.
 11133 | Gauntlet | Noticed a cyan ugly thing
 11133 | Gauntlet | Noticed a glowing orange brain
 11134 | Gauntlet | Noticed a green ugly thing
 11135 | Gauntlet | Found a runed translucent door.
 11136 | Gauntlet | Found a transporter.
 11136 | Gauntlet | Found a transporter.
 11139 | Gauntlet | Found a runed translucent door.
 11143 | Gauntlet | Found a transporter.
 11147 | Gauntlet | Found a transporter.
 11152 | Gauntlet | Found a transporter.
 11155 | Gauntlet | Noticed a wretched star
 11159 | Gauntlet | Found a transporter.
 11163 | Gauntlet | Found a transporter.
 11168 | Gauntlet | Found a transporter.
 11168 | Gauntlet | Noticed a catoblepas
 11168 | Gauntlet | Noticed a molten gargoyle
 11169 | Gauntlet | Noticed a molten gargoyle
 11171 | Gauntlet | Noticed a gargoyle
 11175 | Gauntlet | Found a transporter.
 11412 | Gauntlet | Demolished by a large slime creature

Illustrated notes

Levels and vault maps discovered:
D:1:      heliophobic_arrival_enchanted_forest, layout_loops_cross,
          hellmonk_ecumenical_altar_pennies_from_heaven, serial_shops, shop
D:2:      layout_loops_cross, st_stairs_3
D:3:      layout_basic
D:4:      layout_basic, nicolae_ru_sacrificial_ziggurat,
          minmay_temple_entry_mini_moons, minmay_liquid_box, uniq_pikel
D:5:      layout_layer_cave, good_gods_mini_temple,
          nicolae_dithmenos_through_a_glass_darkly,
          mainiacjoe_overflow_small_starburst, mainiacjoe_overflow_alcove_2,
          minmay_misc_feat_pillars
D:6:      nicolae_cairo_tiling_large_dashed, layout_cave_pools, serial_shops,
          shop
D:7:      layout_loops_corners, kennysheep_dice
D:8:      layout_layer_cave, kennysheep_mini_moat, lemuel_doored_altar,
          mainiacjoe_overflow_brackets, mainiacjoe_overflow_catwalk,
          serial_bayou_pond_c, serial_bayou_pond_e, minmay_statues_item
D:9:      layout_small_grid, cheibriados_altar_1, dpeg_oklobed_lair,
          minmay_parallelograms
D:10:     layout_loops_cross, okawaru_humans, hiddenorc1_lemuel,
          hangedman_decor_opposing, uniq_maurice
D:11:     layout_basic, gauntlet_entry_generic, ebering_ghost_inner_flame,
          bloody_makhleb, uniq_sonja
Temple:   nicolae_temple_bog_church
Gauntlet: gammafunk_gauntlet_77_escape_option
          [minmay_gauntlet_arena_77_shame_cube,
          minmay_gauntlet_arena_77_radiant_squares,
          minmay_gauntlet_arena_77_cramped, minmay_gauntlet_arena_77_braids,
          minmay_gauntlet_arena_77_terracotta_army, gauntlet_exit_watery]

Skill      XL: |  1  2  3  4  5  6  7  8  9 10 |
---------------+-------------------------------+-----
Armour         | 4 5 6 8 10 11 | 11.9
Shields        | 4 5 6 7 |  7.3
Long Blades    | 4 5 6 9 10 12 | 12.1
Fighting       | 4 5 6 7 8 |  8.1
Maces & Flails | 1 2 3 |  3.7
Dodging        | 1 2 3 |  3.3
Stealth        | 1 |  1.8
Evocations     | 1 |  1.6

Action                     |  1- 3 |  4- 6 |  7- 9 | 10-12 || total
---------------------------+-------+-------+-------+-------++-------
  Melee: Long sword        |    96 |    41 |   293 |   160 ||   590
         Headbutt          |    14 |     9 |    69 |    49 ||   141
         Mace              |       |    19 |       |       ||    19
  Evoke: Wand              |       |       |     8 |       ||     8
    Use: Potion            |     3 |       |     5 |     2 ||    10
         Scroll            |       |       |     9 |    13 ||    22
   Stab: Invisible         |       |       |     2 |       ||     2
 Armour: Scale mail        |    11 |       |       |       ||    11
         Chain mail        |    20 |    23 |    80 |       ||   123
         Plate armour      |       |       |    32 |   129 ||   161
  Dodge: Dodged            |    66 |    33 |   106 |    69 ||   274
  Block: Buckler           |    21 |    22 |    73 |    76 ||   192
